 Dungeon Sprint DCSS version 0.31-a0-1278-g11c5b68f87 (webtiles) character file.

Game seed: 4023215252609262002

1771 bmb222 the Unseen (level 8, -3/60 HPs)
             Began as a Demonspawn Brigand on Dec 17, 2023.
             Was an Elder of Dithmenos.
             Killed from afar by a burning bush (16 damage)
             ... with a puff of flame
             ... in the Dungeon (Sprint IV: "Fedhas' Mad Dash").
             The game lasted 00:04:17 (1689 turns).

bmb222 the Unseen (Demonspawn Brigand)              Turns: 1689, Time: 00:04:17

Health: -3/60      AC:  5    Str: 11    XL:     8   Next: 80%
Magic:  8/8        EV: 13    Int: 12    God:    Dithmenos [****..]
Gold:   167        SH:  0    Dex: 17    Spells: 7/7 levels left

rFire   . . .        g - +1 long sword (flame)
rCold   . . .        (no shield)
rNeg    . . .        b - +0 robe
rPois   .            (no helmet)
rElec   .            c - +0 cloak
rCorr   .            (no gloves)
SInv    .            (no boots)
Will    .....        l - amulet of invisibility {+Inv}
Stlth   +++++++++    (no ring)
HPRegen 0.30/turn    (no ring)
MPRegen 0.11/turn

%: no teleportation
@: wreathed by umbra
A: claws 2, icy blue scales 1, ignite blood 2
a: Renounce Religion, Evoke Invisibility, Shadow Step


You were in the Dungeon.
You worshipped Dithmenos.
Dithmenos was greatly pleased with you.
You visited 1 branch You collected 167 gold pieces.

Inventory:

Hand Weapons
 a - a +2 dagger
 g - a +1 long sword of flaming (weapon)
Missiles
 d - 9 poisoned darts (quivered)
 e - 3 curare-tipped darts
Armour
 b - a +0 robe (worn)
 c - a +0 cloak (worn)
Jewellery
 l - the amulet of invisibility (around neck) {+Inv}
   (You found it in the Dungeon)

   [amulet of nothing]

   +Inv:      It lets you turn invisible.
Scrolls
 m - 2 scrolls of immolation
Potions
 i - 2 potions of magic
 j - a potion of berserk rage


   Skills:
 + Level 4.2 Fighting
 * Level 6.1 Short Blades
 - Level 2.9 Throwing
 + Level 3.0 Dodging
 * Level 15.7 Stealth
 * Level 8.9 Evocations


You had 7 spell levels left.
You didn't know any spells.
Your spell library contained the following spells:

 Spells                   Type           Power      Damage    Failure   Level
 Ensorcelled Hibernation  Hex/Ice        0%         N/A       45%         2
 Passwall                 Tmut/Erth      0%         N/A       45%         2
 Swiftness                Air            0%         N/A       69%         3


Dungeon Overview and Level Annotations

Branches:
Dungeon (1/1)

Altars:
Cheibriados
Dithmenos
Gozag
Hepliaklqana
Kikubaaqudgha
Makhleb
Nemelex Xobeh
Okawaru
Qazlal
Ru
Sif Muna
Trog
Uskayaw
Vehumet
Wu Jian
Xom
Yredelemnul
Jiyva
Lugonu

Shops:
D ?=

Annotations:
D exclusions: oklob plant and oklob sapling


Innate Abilities, Weirdness & Mutations

You have very sharp fingernails.
You are partially covered in icy blue scales. (AC +2)
Your demonic aura often causes spilled blood to erupt in flames.


Message History

The puff of flame hits you.
You hit the burning bush but do no damage.
The burning bush is heavily damaged.
The burning bush throws fire at you. The puff of flame misses you.
You hit the burning bush but do no damage.
The burning bush is heavily damaged.
You hit the burning bush.
The burning bush is heavily damaged.
You hit the burning bush but do no damage.
The burning bush is heavily damaged.
You hit the burning bush.
The burning bush is severely damaged.
The burning bush throws fire at you. The puff of flame hits you!
* * * LOW HITPOINT WARNING * * *
The burning bush throws fire at you. The puff of flame hits you.
* * * LOW HITPOINT WARNING * * *
You feel better.
You hit the burning bush but do no damage.
The burning bush is severely damaged.
You slash the burning bush!
The burning bush is almost destroyed.
You hit the burning bush.
The burning bush is almost destroyed.
You hit the burning bush but do no damage.
The burning bush is almost destroyed.
Your shadow hits the burning bush with a long sword.
The burning bush throws fire at you. The puff of flame hits you!
* * * LOW HITPOINT WARNING * * *
You hit the burning bush but do no damage.
The burning bush is almost destroyed.
Unknown command.
You hit the burning bush.
The burning bush is almost destroyed.
The burning bush throws fire at you. The puff of flame hits you!
You die...

###################
_._.⌠.#..'.))#..@.#
._._..'..#...#.†.P+
_._...#..###'##.?$#
._._..#..##∩∩.'...#
_._.⌠.#############
#######


You could see a burning bush.

Vanquished Creatures
  An oklob plant (D)
  A burning bush (D)
  A queen bee (D)
  2 wandering mushrooms (D)
  3 scorpions (D)
  4 killer bees (D)
  4 oklob saplings (D)
  2 spriggans (D)
  A river rat (D)
  A rat (D)
20 creatures vanquished.

Notes
Turn   | Place    | Note
-------+----------+-------------------------------------------
     0 | D        | bmb222 the Demonspawn Brigand began the quest for the Orb.
     0 | D        | Reached XP level 1. HP: 16/16 MP: 1/1
     9 | D        | Reached skill level 1 in Dodging
     9 | D        | Reached skill level 5 in Stealth
     9 | D        | Gained mutation: Your demonic aura sometimes causes spilled
                  | blood to erupt in flames. [demonic ancestry]
     9 | D        | Reached XP level 2. HP: 22/22 MP: 2/2
    23 | D        | Noticed an oklob sapling
    25 | D        | Killed an oklob sapling
    26 | D        | Reached skill level 6 in Stealth
    26 | D        | Reached XP level 3. HP: 28/28 MP: 3/3
    28 | D        | Noticed a scorpion
    28 | D        | Found the amulet of invisibility {+Inv}
    30 | D        | Killed a scorpion
    31 | D        | Reached skill level 8 in Stealth
    31 | D        | Reached XP level 4. HP: 34/34 MP: 4/4
    54 | D        | Found an opulent altar of Gozag.
    54 | D        | Found a hazy altar of Hepliaklqana.
    54 | D        | Found a burning altar of Makhleb.
    54 | D        | Found a sparkling altar of Nemelex Xobeh.
    54 | D        | Found a sacrificial altar of Ru.
    54 | D        | Found a shimmering blue altar of Sif Muna.
    54 | D        | Found an ornate altar of the Wu Jian Council.
    54 | D        | Found a shimmering altar of Xom.
    54 | D        | Found a basalt altar of Yredelemnul.
    55 | D        | Found a viscous altar of Jiyva.
    55 | D        | Found a snail-covered altar of Cheibriados.
    55 | D        | Found a bloodstained altar of Trog.
    56 | D        | Found an iron altar of Okawaru.
    56 | D        | Found a shadowy altar of Dithmenos.
    57 | D        | Found a hide-covered altar of Uskayaw.
    57 | D        | Found an ancient bone altar of Kikubaaqudgha.
    58 | D        | Found a stormy altar of Qazlal.
    59 | D        | Found a radiant altar of Vehumet.
    59 | D        | Found a corrupted altar of Lugonu.
    63 | D        | Reached skill level 10 in Stealth
    63 | D        | Gained mutation: You have sharp fingernails. [demonic
                  | ancestry]
    63 | D        | Reached XP level 5. HP: 40/40 MP: 5/5
    65 | D        | Became a worshipper of Dithmenos the Shadowed
    95 | D        | Reached skill level 11 in Stealth
    96 | D        | Reached * piety under Dithmenos
    97 | D        | Reached skill level 1 in Evocations
    98 | D        | Gained mutation: You have very sharp fingernails. [demonic
                  | ancestry]
    98 | D        | Reached XP level 6. HP: 47/47 MP: 6/6
   106 | D        | Found Necsasch's Jewellery Shop.
   107 | D        | Found Qayrax Xuc's Magic Scroll Emporium.
   114 | D        | Noticed a burning bush
   114 | D        | Noticed a wandering mushroom
   150 | D        | Reached skill level 12 in Stealth
   160 | D        | Noticed a queen bee
   355 | D        | Killed a queen bee
   355 | D        | Reached ** piety under Dithmenos
   356 | D        | Reached skill level 13 in Stealth
   356 | D        | Gained mutation: Your demonic aura often causes spilled
                  | blood to erupt in flames. [demonic ancestry]
   356 | D        | Reached XP level 7. HP: 52/52 MP: 7/7
   374 | D        | Reached skill level 5 in Evocations
   600 | D        | Reached *** piety under Dithmenos
  1185 | D        | Noticed an oklob plant
  1188 | D        | Killed an oklob plant
  1189 | D        | Reached skill level 5 in Short Blades
  1189 | D        | Reached skill level 14 in Stealth
  1189 | D        | Gained mutation: You are partially covered in icy blue
                  | scales. (AC +2) [demonic ancestry]
  1189 | D        | Reached XP level 8. HP: 60/60 MP: 8/8
  1202 | D        | Noticed a burning bush
  1406 | D        | Noticed a burning bush
  1406 | D        | Noticed an oklob plant
  1407 | D        | Noticed a wandering mushroom
  1408 | D        | Killed a burning bush
  1409 | D        | Reached skill level 15 in Stealth
  1571 | D        | Noticed a wandering mushroom
  1578 | D        | Killed a wandering mushroom
  1632 | D        | Killed a wandering mushroom
  1638 | D        | Reached **** piety under Dithmenos
  1689 | D        | Killed from afar by a burning bush

Illustrated notes

Levels and vault maps discovered:
D:        dungeon_sprint_fedhas [sprint_temple]

Skill      XL: |  1  2  3  4  5  6  7  8 |
---------------+-------------------------+-----
Short Blades   | 2 3 4 5 6 |  6.1
Dodging        | 1 2 3 |  3.0
Stealth        | 5 6 8 10 11 13 14 15 | 15.7
Throwing       | 2 |  2.9
Fighting       | 3 4 |  4.2
Evocations     | 1 4 6 8 |  8.9

Action                     |  1- 3 |  4- 6 |  7- 9 || total
---------------------------+-------+-------+-------++-------
  Melee: Dagger            |     7 |    13 |    75 ||    95
         Long sword        |       |       |    15 ||    15
         Punch             |       |       |     1 ||     1
  Throw: Dart              |       |     9 |     1 ||    10
Ability: Evoke Invisibilit |       |     6 |     4 ||    10
    Use: Potion            |       |     2 |     2 ||     4
         Scroll            |       |     1 |     1 ||     2
   Stab: Sleeping          |     3 |     6 |     2 ||    11
         Invisible         |       |       |     7 ||     7
 Armour: Robe              |     2 |     6 |    27 ||    35
  Dodge: Dodged            |     2 |     5 |    28 ||    35

Table legend: (Time is in decaauts)
 A = Elapsed time spent in this place.
 B = Non-inter-level travel time spent in this place.
 C = Inter-level travel time spent in this place.
 D = Time resting spent in this place.
 E = Time spent auto-exploring this place.
 F = Levels seen in this place.
 G = Mean time per level.
                   A        B        C        D        E       F      G
               +--------+--------+--------+--------+--------+-----+--------+
         Total |   1659 |   1659 |      0 |   1230 |     30 |   1 | 1659.0 |
       Dungeon |   1659 |   1659 |      0 |   1230 |     30 |   1 | 1659.0 |
               +--------+--------+--------+--------+--------+-----+--------+

Top non-repeatable levels by time:
       D: 1659 daAuts
